 Dungeon Crawl Stone Soup version 0.24.0-13-gcf9b319 (webtiles) character file.

Game seed: 7013215648581923209, levelgen mode: deterministic

2286 sanboga the Blocker (level 9, 0/50 HPs)
             Began as a Gargoyle Fighter on Dec 24, 2019.
             Was an Initiate of Hepliaklqana.
             Slain by a two-headed ogre
             ... wielding a +0 dire flail
              (10 damage)
             ... on level 8 of the Dungeon.
             The game lasted 00:10:19 (7342 turns).

sanboga the Blocker (Gargoyle Fighter)              Turns: 7342, Time: 00:10:19

Health: 0/50       AC: 21    Str: 23    XL:     9   Next: 39%
Magic:  9/9        EV:  5    Int:  9    God:    Hepliaklqana [......]
Gold:   287        SH: 11    Dex:  9    Spells: 8/8 levels left

rFire    . . .     SeeInvis .   a - +0 war axe
rCold    . . .     Gourm    .   c - +0 shield
rNeg     + . .     Faith    .   l - +0 plate armour
rPois    ∞         Spirit   .   (no helmet)
rElec    +         Reflect  .   r - +1 cloak
rCorr    .         Harm     .   (no gloves)
MR       +....                  (no boots)
Stlth    ..........             (no amulet)
HPRegen  0.16/turn              k - ring of protection from magic
MPRegen  0.11/turn              (no ring)

@: no status effects
A: reduced essence, negative energy resistance 1, electricity resistance,
unbreathing, petrification resistance, rot immunity, AC +6
a: Recall Ancestor, Ancestor Identity, Renounce Religion


You were on level 8 of the Dungeon.
You worshipped Hepliaklqana.
Hepliaklqana was noncommittal.
You were hungry.

You visited 2 branches of the dungeon, and saw 9 of its levels.
You also visited: Sewer and Ossuary.

You collected 423 gold pieces.
You spent 136 gold pieces at shops.

Inventory:

Hand Weapons
 a - a +0 war axe (weapon)
Armour
 c - a +0 shield (worn)
 l - a +0 plate armour (worn)
 r - a +1 cloak (worn)
Jewellery
 k - a ring of protection from magic (left hand)
Wands
 q - a wand of iceblast (6)
 x - a wand of random effects (9)
Scrolls
 e - 4 scrolls of teleportation
 g - 4 scrolls of blinking
 i - 3 scrolls of enchant weapon
 j - 2 scrolls of fear
 p - 2 scrolls of remove curse
 t - a scroll of magic mapping
 u - a scroll of fog
Potions
 b - 2 potions of flight
 d - 3 potions of might
 h - 3 potions of heal wounds
 m - 6 potions of curing
 n - 8 potions of degeneration {unknown}
 o - a potion of experience {unknown}
 s - a potion of haste
 w - a potion of mutation {unknown}
Comestibles
 f - 14 rations


   Skills:
 + Level 6.3 Fighting
 * Level 6.6 Axes
 + Level 6.4 Armour
 * Level 8.5 Shields


You had 8 spell levels left.
You didn't know any spells.
Your spell library contained the following spells:

 Spells                   Type           Power        Failure   Level  Hunger
 Magic Dart               Conj           #...         100%        1    ##.....
 Shock                    Conj/Air       #...         100%        1    ##.....
 Blink                    Tloc           N/A          100%        2    ###....
 Call Imp                 Summ           #.......     100%        2    ###....
 Slow                     Hex            #.......     100%        2    ###....
 Swiftness                Chrm/Air       #.......     100%        2    ###....
 Conjure Flame            Conj/Fire      #.......     100%        3    ####...
 Mephitic Cloud           Conj/Pois/Air  #.......     100%        3    ####...
 Static Discharge         Conj/Air       #.......     100%        3    ####...
 Airstrike                Air            #.........   100%        4    #####..
 Lightning Bolt           Conj/Air       #.........   100%        5    ######.


Dungeon Overview and Level Annotations

Branches:
Dungeon (8/15)             Temple (1/1) D:4           Sewer (visited)
Ossuary (visited)
   Lair: D:8-11

Altars:
Ashenzari
Cheibriados
Elyvilon
Fedhas
Hepliaklqana
Kikubaaqudgha
Makhleb
Nemelex Xobeh
Okawaru
Qazlal
Ru
Sif Muna
Trog
Uskayaw
Vehumet
Wu Jian
Xom
Yredelemnul
Zin

Shops:
D:4 *


Innate Abilities, Weirdness & Mutations

You are resistant to torment.
Your stone body is resilient. (AC +6)
You are immune to poison.
You resist negative energy. (rN+)
You are resistant to electric shocks. (rElec)
You can survive without breathing.
You are immune to petrification.
You are immune to rotting.
Your life essence is reduced to manifest your ancestor. (-10% HP)


Message History

You hit the orc priest but do no damage.
The orc priest hits you but does no damage.
The two-headed ogre hits you with a +0 dire flail.
The two-headed ogre hits you with a +0 giant spiked club!
You slash the orc!
You kill the orc!
You hit the orc priest.
You hit the two-headed ogre but do no damage.
The orc priest invokes the aid of Beogh against you.
Beogh smites you!
The two-headed ogre hits you with a +0 dire flail.
The two-headed ogre hits you but does no damage.
The orc priest hits you but does no damage.
As you read the scroll labeled QEERITT UNKUZIY, it crumbles to dust.
You hear a loud clanging noise!
It was a scroll of noise.
The two-headed ogre hits you with a +0 dire flail!
* * * LOW HITPOINT WARNING * * *
The two-headed ogre hits you with a +0 giant spiked club!
You die...

#......<.....
######......#.....
#...........#O....
#.#.##.o....#.....
......o.....######
###..oR....#
#.#...#.#.###
###o###........
#R@†..o.#.#.#.#
###O###.#...#.#
#.# ..#.### . ###
..#.# . ...#.#
.#.# #...# .#


You could see the friendly Gorog the ancestor, a two-headed ogre, an orc priest
and an orc.

Vanquished Creatures
  Grinder (D:5)
  Eustachio (D:4)
  An ogre (D:7)
  A necrophage (D:7)
  A centaur (D:7)
  4 bullfrogs
  A water moccasin zombie (D:5)
  11 killer bees
  2 centaur zombies (Ossuary)
  A crimson imp (D:7)
  2 jellies
  2 hounds
  2 orc priests
  A bullfrog skeleton (D:7)
  2 iguanas
  5 orc wizards
  2 worker ants (D:7)
  A big kobold zombie (Ossuary)
  A mummy (Ossuary)
  4 gnolls (D:5)
  A howler monkey skeleton (D:5)
  7 adders
  2 river rats (Sewer)
  An adder skeleton (D:7)
  7 worms
  7 dart slugs
  3 leopard geckos
  25 orcs
  3 ball pythons
  7 giant cockroaches
  3 gnoll zombies
  10 goblins
  10 hobgoblins
  11 jackals
  3 quokkas
  8 bats
  12 frilled lizards
  A goblin zombie (Ossuary)
  A hobgoblin zombie (Ossuary)
  11 kobolds
  20 rats
199 creatures vanquished.

Vanquished Creatures (collateral kills)
  2 mummies (Ossuary)
  A kobold zombie (Ossuary)
  An orc zombie (Ossuary)
4 creatures vanquished.

Grand Total: 203 creatures vanquished

Notes
Turn   | Place    | Note
-------+----------+-------------------------------------------
     0 | D:1      | sanboga the Gargoyle Fighter began the quest for the Orb.
     0 | D:1      | Reached XP level 1. HP: 14/14 MP: 1/1
    40 | D:1      | Reached XP level 2. HP: 13/19 MP: 2/2
   462 | D:1      | Reached XP level 3. HP: 23/23 MP: 3/3
   975 | D:2      | Found a snail-covered altar of Cheibriados.
   982 | D:2      | Reached skill level 4 in Shields
   982 | D:2      | Reached XP level 4. HP: 23/29 MP: 4/4
  1233 | D:2      | Found a basalt altar of Yredelemnul.
  1925 | D:2      | Reached XP level 5. HP: 33/33 MP: 5/5
  2078 | D:3      | Found a faded altar of an unknown god.
  3040 | D:4      | Noticed Eustachio
  3093 | D:4      | Reached XP level 6. HP: 26/38 MP: 6/6
  3283 | D:4      | Killed Eustachio
  3283 | D:4      | Reached skill level 5 in Shields
  3346 | D:4      | Reached XP level 7. HP: 18/44 MP: 7/7
  3355 | D:4      | Found Parocoos's General Store.
  3397 | D:4      | Found a glowing drain.
  3411 | Sewer    | Entered a sewer
  4026 | D:4      | Bought a scroll of enchant weapon for 97 gold pieces
  4026 | D:4      | Bought a scroll of remove curse for 39 gold pieces
  4421 | D:4      | Found a staircase to the Ecumenical Temple.
  4534 | Temple   | Entered the Ecumenical Temple
  4714 | D:5      | Entered Level 5 of the Dungeon
  4804 | D:5      | Noticed Grinder
  4812 | D:5      | Killed Grinder
  4812 | D:5      | Reached skill level 6 in Shields
  4921 | D:5      | Reached skill level 5 in Armour
  4931 | D:5      | Reached skill level 5 in Fighting
  4971 | D:5      | Reached XP level 8. HP: 48/49 MP: 8/8
  5304 | D:6      | Found a shimmering altar of Xom.
  5317 | D:6      | Reached skill level 5 in Axes
  5793 | D:7      | Found a bloodstained altar of Trog.
  5888 | D:7      | Reached skill level 7 in Shields
  6396 | D:7      | Reached XP level 9. HP: 47/55 MP: 9/9
  6587 | D:7      | Reached skill level 8 in Shields
  6862 | D:7      | Found a hazy altar of Hepliaklqana.
  6870 | D:7      | Became a worshipper of Hepliaklqana the Forgotten
  6945 | D:7      | Found an ornate altar of the Wu Jian Council.
  6967 | D:8      | Noticed a two-headed ogre
  6975 | D:8      | Found a sand-covered staircase.
  6983 | Ossuary  | Entered an ossuary
  7342 | D:8      | Slain by a two-headed ogre

Levels and vault maps discovered:
D:1:      mushboom_english_gardens, layout_basic, serial_bayou,
          serial_bayou_crossing, serial_bayou_pond_e, serial_bayou_pond_d,
          serial_bayou_pond_e, st_stairs_11
D:2:      minmay_general_purpose_star, layout_basic,
          lemuel_zombie_altar_yredelemnul, kennysheep_slug_shrine, first_ration,
          grunt_decor_cap
D:3:      layout_basic, chequers_ecumenical_altar_simple_redux
D:4:      layout_basic, minmay_temple_entry_poolview, serial_shops, shop,
          cheibrodos_sewer_entry_bend, uniq_eustachio
D:5:      layout_basic, guppyfry_early_lair_pool, uniq_grinder
D:6:      layout_rooms, nicolae_overflow_crystal_walls
D:7:      minmay_skewed_foursquare, layout_rooms, bloody_trog,
          overflow_temple_1_default, lemuel_coloured_pillars_altar
D:8:      minmay_polygon_palace, layout_basic, nicolae_overflow_hidden_temple,
          nicolae_ossuary_entry_plus
Temple:   dshaligram_water_room_temple

Skill      XL: |  1  2  3  4  5  6  7  8  9 |
---------------+----------------------------+-----
Axes           | 2 3 4 6 |  6.6
Shields        | 4 5 6 7 8 |  8.5
Armour         | 4 5 6 |  6.4
Fighting       | 4 5 6 |  6.3

Action                   |  1- 3 |  4- 6 |  7- 9 || total
-------------------------+-------+-------+-------++-------
Melee: War axe           |   126 |   289 |   484 ||   899
Invok: Recall Ancestor   |       |       |     1 ||     1
       Ancestor Identity |       |       |     1 ||     1
Evoke: Wand              |       |       |     1 ||     1
  Use: Scroll            |       |     6 |     7 ||    13
       Potion            |       |     2 |     4 ||     6
  Eat: Chunk             |     1 |     6 |     5 ||    12
       Ration            |       |       |     3 ||     3
Armor: Scale mail        |    79 |    30 |       ||   109
       Plate armour      |       |   206 |   406 ||   612
Dodge: Dodged            |    54 |    57 |   121 ||   232
Block: Shield            |    81 |   192 |   339 ||   612
